 Dungeon Crawl Stone Soup version 0.28-a0-1395-g4f6bc678fa (webtiles) character file.

Game seed: 7444326050191977920

408 Deminshera the Bolt Thrower (level 6, -1/43 HPs)
             Began as a Demonspawn Wanderer on Jan 4, 2022.
             Slain by Pikel (2 damage)
             ... on level 3 of the Dungeon.
             The game lasted 00:06:49 (3437 turns).

Deminshera the Bolt Thrower (Demonspawn Wanderer)   Turns: 3437, Time: 00:06:49

Health: -1/43      AC:  8    Str: 15    XL:     6   Next: 57%
Magic:  6/6        EV: 13    Int:  9    God:
Gold:   111        SH:  5    Dex: 16    Spells: 5/5 levels left

rFire   . . .      SeeInvis .   v - +1 mace (vorpal)
rCold   . . .      Faith    .   d - +0 buckler
rNeg    . . .      Spirit   .   b - +2 leather armour
rPois   .          Reflect  .   (helmet restricted)
rElec   .          Harm     .   (no cloak)
rCorr   .          Rampage  .   (no gloves)
Will    .....                   i - +0 pair of boots
Stlth   ++........              (no amulet)
HPRegen 0.14/turn               (no ring)
MPRegen 0.20/turn               (no ring)

@: mighty
A: horns 1, icy blue scales 1, ignite blood 2, magic regeneration
a: no special abilities


You were on level 3 of the Dungeon.
You visited 1 branch of the dungeon, and saw 4 of its levels.

You collected 111 gold pieces.

Inventory:

Hand Weapons
 p - a +1 hand crossbow of flaming
 v - a +1 vorpal mace (weapon)
Missiles
 c - 35 bolts
Armour
 b - a +2 leather armour (worn)
 d - a +0 buckler (worn)
 i - a +0 pair of boots (worn)
Jewellery
 g - a ring of positive energy
Scrolls
 e - a scroll of noise
 f - a scroll of brand weapon {unknown}
Potions
 a - 2 potions of brilliance
 h - a potion of haste {unknown}
 j - 2 potions of lignification {unknown}
 k - a potion of magic {unknown}
 l - a potion of curing
 n - a potion of might
 u - a potion of attraction {unknown}


   Skills:
 + Level 1.4 Fighting
 - Level 5.0 Crossbows
 - Level 4.5 Dodging
 - Level 1.0 Stealth
 - Level 4.0 Shields


You had 5 spell levels left.
You didn't know any spells.
Your spell library contained the following spells:

 Spells                   Type           Power      Damage    Failure   Level
 Foxfire                  Conj/Fire      0%         2x1d4     45%         1
 Slow                     Hex            0%         N/A       45%         1
 Confusing Touch          Hex            0%         N/A       83%         3
 Conjure Flame            Conj/Fire      0%         6-21      83%         3
 Inner Flame              Hex/Fire       0%         N/A       83%         3
 Vampiric Draining        Necr           0%         2d6       83%         3
 Flame Wave               Conj/Fire      0%         2d4       99%         4
 Iskenderun's Battlesphe  Conj           0%         2d6       100%        5
 Iron Shot                Conj/Erth      0%         9d1       100%        6
 Spellforged Servitor     Conj/Summ      0%         N/A       100%        7


Dungeon Overview and Level Annotations

Branches:
Dungeon (4/15)             Temple (0/1) D:4

Altars:

Annotations:
D:3 Pikel


Innate Abilities, Weirdness & Mutations

You have a pair of small horns on your head.
You are partially covered in icy blue scales. (AC +2)
Your demonic aura often causes spilled blood to erupt in flames.
You regenerate magic rapidly.


Message History

Pikel barely misses you. The lemure hits you.
Pikel hits you but does no damage.
You closely miss Pikel. Your headbutt misses Pikel.
Pikel is moderately wounded.
The lemure closely misses you.
Pikel says, "You'll make a fine lemure."
Pikel closely misses you. The lemure misses you.
You hit Pikel. Your headbutt misses Pikel.
Pikel is moderately wounded.
You block Pikel's attack. The lemure hits you.
You hit Pikel but do no damage. Your headbutt misses Pikel.
Pikel is moderately wounded.
Pikel closely misses you. The lemure hits you but does no damage.
Pikel zaps a wand.
The puff of flame hits you. You block the lemure's attack.
You barely miss Pikel. You headbutt Pikel, but do no damage.
Pikel is moderately wounded.
Pikel misses you. The lemure hits you.
You hit Pikel but do no damage.
Pikel is moderately wounded.
Pikel zaps a wand.
The puff of flame hits you. The lemure hits you.
Pikel hits you with a +0 whip of flaming.
* * * LOW HITPOINT WARNING * * *
Pikel burns you.
* * * LOW HITPOINT WARNING * * *
You hit Pikel but do no damage.
Pikel is moderately wounded.
The lemure hits you.
* * * LOW HITPOINT WARNING * * *
Pikel says, "You'll feel the lick of my whip!"
Pikel hits you but does no damage. The lemure barely misses you.
Unknown command.
Okay, then.
You feel better. Pikel barely misses you. The lemure hits you.
* * * LOW HITPOINT WARNING * * *
It was a potion of might.
You feel very mighty all of a sudden.
Pikel hits you with a +0 whip of flaming.
* * * LOW HITPOINT WARNING * * *
Pikel burns you.
You die...

#### ...# ...########
### ...#......# #5#
...#......######5######
...)..........5K@#....#
...#......##.#####.##.#
...#.........#...#.##.#
##.#####.#........)##.#
#.# #.#.....#...##.#
#.# #.#########<##.#
#.# #.....########.##
#.# ##..............#
##.# #.##.######....#


You could see Pikel and 3 lemures.

Vanquished Creatures
  A black bear (D:3)
  A lemure (D:3)
  Blork the orc (D:4)
  A howler monkey (D:4)
  An orc priest (D:3)
  A hound (D:2)
  3 adders
  4 adder skeletons
  4 dart slugs (D:2)
  A worm (D:3)
  11 orcs
  4 endoplasms
  4 giant cockroaches
  4 goblins
  7 hobgoblins
  8 jackals
  3 quokkas
  6 ball pythons
  A ball python zombie (D:2)
  2 bats (D:2)
  2 frilled lizards (D:1)
  9 kobolds
  3 rats
82 creatures vanquished.

Vanquished Creatures (collateral kills)
  A hound skeleton (D:4)
1 creature vanquished.

Vanquished Creatures (others)
  5 plants (D:1)
  2 withered plants (D:2)
7 creatures vanquished.

Grand Total: 90 creatures vanquished

Notes
Turn   | Place    | Note
-------+----------+-------------------------------------------
     0 | D:1      | Deminshera the Demonspawn Wanderer began the quest for the
                  | Orb.
     0 | D:1      | Deminshera set off with the following items: a +0 hand
                  | crossbow, a +2 leather armour, 26 bolts, a +0 buckler
     0 | D:1      | Reached XP level 1. HP: 15/15 MP: 1/1
   130 | D:1      | Reached skill level 2 in Crossbows
   480 | D:1      | Gained mutation: You have a pair of small horns on your
                  | head. [demonic ancestry]
   480 | D:1      | Reached XP level 2. HP: 21/21 MP: 2/2
  1111 | D:2      | Gained mutation: You are partially covered in icy blue
                  | scales. (AC +2) [demonic ancestry]
  1111 | D:2      | Reached XP level 3. HP: 25/26 MP: 3/3
  1443 | D:2      | Reached skill level 3 in Crossbows
  1443 | D:2      | Gained mutation: You regenerate magic rapidly. [demonic
                  | ancestry]
  1443 | D:2      | Reached XP level 4. HP: 20/32 MP: 4/4
  2217 | D:3      | Gained mutation: Your demonic aura sometimes causes spilled
                  | blood to erupt in flames. [demonic ancestry]
  2217 | D:3      | Reached XP level 5. HP: 15/37 MP: 5/5
  2423 | D:3      | Noticed a black bear
  2434 | D:3      | Killed a black bear
  2435 | D:3      | Reached skill level 4 in Crossbows
  3015 | D:4      | Noticed Blork the orc
  3072 | D:4      | Killed Blork the orc
  3073 | D:4      | Gained mutation: Your demonic aura often causes spilled
                  | blood to erupt in flames. [demonic ancestry]
  3073 | D:4      | Reached XP level 6. HP: 43/43 MP: 6/6
  3183 | D:4      | Reached skill level 5 in Crossbows
  3285 | D:4      | Found a staircase to the Ecumenical Temple.
  3287 | D:4      | Noticed Pikel
  3437 | D:3      | HP: 1/43 [Pikel (5)]
  3437 | D:3      | Slain by Pikel

Illustrated notes

Levels and vault maps discovered:
D:1:      evilmike_arrival_plus, layout_basic, serial_bayou_lagoon_b
D:2:      layout_rooms, serial_undead, serial_undead_d, serial_undead_a,
          serial_undead_f, serial_undead_b
D:3:      layout_basic
D:4:      layout_gridville, minmay_temple_entry_mini_moons,
          gup_sewer_entry_bubbles, uniq_crazy_yiuf_cottage, uniq_blork_the_orc,
          uniq_pikel, uniq_sigmund

Skill      XL: |  1  2  3  4  5  6 |
---------------+-------------------+-----
Crossbows      | 2 3 4 5 |  5.0
Shields        | 2 3 4 |  4.0
Fighting       | |  1.4
Dodging        | |  4.5
Stealth        | |  1.0

Action                   |  1- 3 |  4- 6 || total
-------------------------+-------+-------++-------
Melee: Short sword       |    18 |       ||    18
       Whip              |    94 |    42 ||   136
       Headbutt          |    12 |    22 ||    34
       Mace              |       |    59 ||    59
 Fire: Hand crossbow     |    43 |    23 ||    66
  Use: Scroll            |       |     9 ||     9
       Potion            |       |     2 ||     2
Armor: Ring mail         |    57 |    34 ||    91
       Leather armour    |       |    18 ||    18
Dodge: Dodged            |   137 |   105 ||   242
Block: Buckler           |    47 |    46 ||    93

Table legend: (Time is in decaauts)
 A = Elapsed time spent in this place.
 B = Non-inter-level travel time spent in this place.
 C = Inter-level travel time spent in this place.
 D = Time resting spent in this place.
 E = Time spent auto-exploring this place.
 F = Levels seen in this place.
 G = Mean time per level.
                   A        B        C        D        E       F      G
               +--------+--------+--------+--------+--------+-----+--------+
         Total |   3530 |   3420 |    110 |   1070 |   1386 |   4 |  882.5 |
       Dungeon |   3530 |   3420 |    110 |   1070 |   1386 |   4 |  882.5 |
               +--------+--------+--------+--------+--------+-----+--------+

Top non-repeatable levels by time:
     D:2: 1132 daAuts
     D:1: 1118 daAuts
     D:3: 1013 daAuts
     D:4: 265 daAuts
